 Dungeon Crawl Stone Soup version 0.28-a0-410-gbef64dd269 (webtiles) character file.

Game seed: 5769926043104560933

1168 jasper the Stinger (level 8, -1/52 HPs)
             Began as a Demonspawn Venom Mage on Sept 6, 2021.
             Was a Priest of Kikubaaqudgha.
             Slain by a vampire mosquito (4 damage)
             ... on level 7 of the Dungeon.
             The game lasted 00:16:22 (8288 turns).

jasper the Stinger (Demonspawn Venom Mage)          Turns: 8288, Time: 00:16:23

Health: -1/52      AC:  9    Str:  8    XL:     8   Next: 17%
Magic:  14/14      EV: 16    Int: 18    God:    Kikubaaqudgha [***...]
Gold:   274        SH:  0    Dex: 15    Spells: 2/15 levels left

rFire   . . .      SeeInvis .   (no weapon)
rCold   . . .      Faith    .   (no shield)
rNeg    . . .      Spirit   .   t - +0 steam dragon scales
rPois   .          Reflect  .   l - +1 helmet
rElec   .          Harm     .   s - +0 cloak
rCorr   +          Rampage  .   (no gloves)
Will    .....                   A - +0 pair of boots
Stlth   ++........              (no amulet)
HPRegen 0.17/turn               g - +4 ring of evasion
MPRegen 0.14/turn               y - ring of resist corrosion

@: on berserk cooldown, hasted and slowed
A: claws 2, demonic guardian 1, sturdy frame 1
a: Renounce Religion, Receive Corpses


You were on level 7 of the Dungeon.
You worshipped Kikubaaqudgha.
Kikubaaqudgha was most pleased with you.
You visited 1 branch of the dungeon, and saw 7 of its levels.

You collected 274 gold pieces.

Inventory:

Hand Weapons
 w - a +3 morningstar of protection
Missiles
 d - 195 stones
 D - 3 boomerangs of dispersal
Armour
 a - a +0 robe
 c - a +0 leather armour
 e - a +0 buckler
 l - a +1 helmet (worn)
 s - a +0 cloak (worn)
 t - +0 steam dragon scales (worn)
 A - a +0 pair of boots (worn)
Magical Staves
 j - a staff of earth
 x - a staff of air
Jewellery
 g - a +4 ring of evasion (left claw)
 m - a ring of flight
 n - an amulet of guardian spirit
 y - a ring of resist corrosion (right claw)
 E - a ring of magical power
Wands
 r - a wand of flame (35)
Scrolls
 f - a scroll of enchant armour
 i - a scroll of immolation
 k - a scroll of torment
 p - 2 scrolls of fog
 u - a scroll of fear
 C - a scroll of amnesia
Potions
 o - a potion of curing
 q - a potion of haste
 v - a potion of degeneration
 B - 2 potions of mutation {unknown}


   Skills:
 - Level 1.7 Dodging
 - Level 1.7 Stealth
 + Level 2.1 Shields
 - Level 4.2 Spellcasting
 - Level 3.0 Conjurations
 - Level 2.9 Transmutations
 - Level 2.0 Air Magic
 - Level 7.1 Poison Magic


You had 2 spell levels left.
You knew the following spells:

 Your Spells              Type           Power      Damage    Failure   Level
a - Sting                 Tmut/Pois      88%        1d7       1%          1
b - Mephitic Cloud        Conj/Pois/Air  18%        N/A       9%          3
c - Sublimation of Blood  Necr           1%         N/A       22%         2
d - Olgreb's Toxic Radia  Pois           29%        N/A       8%          4
e - Vampiric Draining     Necr           1%         2d6       41%         3

Your spell library contained the following spells:

 Spells                   Type           Power      Damage    Failure   Level
 Poisonous Vapours        Pois/Air       40%        N/A       3%          2
 Animate Skeleton         Necr           6%         N/A       14%         1
 Apportation              Tloc           6%         N/A       14%         1
 Pain                     Necr           12%        1d4       14%         1
 Summon Small Mammal      Summ           12%        N/A       14%         1
 Corpse Rot               Necr/Air       N/A        N/A       14%         2
 Ensorcelled Hibernation  Hex/Ice        6%         N/A       22%         2
 Spider Form              Tmut/Pois      11%        N/A       5%          3
 Ignite Poison            Fire/Tmut/Pois 16%        N/A       11%         3
 Conjure Flame            Conj/Fire      9%         6-21      24%         3
 Petrify                  Tmut/Erth      9%         N/A       61%         4
 Sticky Flame             Conj/Fire      9%         2d3       61%         4
 Irradiate                Conj/Tmut      7%         3d15      75%         5
 Animate Dead             Necr           1%         N/A       82%         4
 Dispel Undead            Necr           3%         3d7       82%         4
 Agony                    Necr           3%         N/A       99%         5
 Excruciating Wounds      Necr           1%         N/A       99%         5
 Simulacrum               Ice/Necr       1%         N/A       100%        6


Dungeon Overview and Level Annotations

Branches:
Dungeon (7/15)
 Temple: D:4-7

Altars:
Cheibriados
Fedhas
Hepliaklqana
Kikubaaqudgha
Qazlal
Ru
Trog
Vehumet

Annotations:
D:5 Blork the orc, Edmund


Innate Abilities, Weirdness & Mutations

You have very sharp fingernails.
A weak demonic guardian rushes to your aid.
Your movements are slightly less encumbered by armour. (ER -2)


Message History

You can't see any enemies this would affect, really read the scroll of fear?
Okay, then.
Unknown command.
You feel yourself speed up. The vampire mosquito barely misses you.
The vampire mosquito bites you!
The vampire mosquito draws strength from your injuries!
The vampire mosquito barely misses you.
You take 6 damage, and have 21/52 hp.
The vampire mosquito barely misses you. The vampire mosquito barely misses you.
You see here a +0 scale mail.
The vampire mosquito completely misses you.
The vampire mosquito bites you.
The vampire mosquito draws strength from your injuries!
The vampire mosquito barely misses you.
You take 2 damage, and have 19/52 hp.
The vampire mosquito bites you.
* * * LOW HITPOINT WARNING * * *
The vampire mosquito draws strength from your injuries!
You take 6 damage, and have 13/52 hp.
The vampire mosquito closely misses you. x2
The vampire mosquito misses you.
The vampire mosquito closely misses you.
The vampire mosquito bites you.
* * * LOW HITPOINT WARNING * * *
The vampire mosquito draws strength from your injuries!
The vampire mosquito misses you. The vampire mosquito bites you.
* * * LOW HITPOINT WARNING * * *
The vampire mosquito draws strength from your injuries!
The vampire mosquito bites you!
* * * LOW HITPOINT WARNING * * *
A demonic guardian appears!
The vampire mosquito draws strength from your injuries!
The vampire mosquito barely misses you.
You take 10 damage, and have 3/52 hp.
The vampire mosquito closely misses you.
The vampire mosquito bites you.
You die...
Kikubaaqudgha rasps: "You have failed me!
Welcome... death!"

####.#.##..#.# #.#
#..###..#.####.#
#..............#
#########.###### ### #.#
##.## ######.# ##.#.##
##...##.#
##.#.#.####.....#.#######
#.#.#.#y@................
##.#.#y####........######
#..#.y.# ##........#
#....5[# #####...##
#......# ##.## #......#
#.# #....[.# #.# #.#.##.#
#.# #...y..#


You could see 2 vampire mosquitoes.

Vanquished Creatures
  Sigmund (D:4)
  A steam dragon (D:7)
  A vampire mosquito (D:7)
  A necrophage (D:6)
  An ogre (D:4)
  A bullfrog (D:7)
  A scorpion (D:6)
  A water moccasin skeleton (D:3)
  A jelly (D:7)
  Crazy Yiuf (D:6)
  An orc priest (D:4)
  A bullfrog skeleton (D:6)
  An iguana (D:4)
  Terence (D:2)
  An orc wizard (D:4)
  A hound skeleton (D:4)
  Robin (D:4)
  A howler monkey skeleton (D:6)
  5 adders
  A white imp (D:4)
  An adder skeleton (D:4)
  6 dart slugs
  12 orcs
  5 bats
  7 endoplasms
  6 giant cockroaches
  16 goblins
  7 hobgoblins
  8 jackals (D:4)
  A quokka (D:4)
  9 ball pythons
  4 frilled lizards
  A jackal skeleton (D:4)
  12 kobolds
  3 rats
122 creatures vanquished.

Vanquished Creatures (collateral kills)
  A goblin (D:4)
  A hobgoblin (D:4)
2 creatures vanquished.

Vanquished Creatures (others)
  2 plants (D:3)
2 creatures vanquished.

Grand Total: 126 creatures vanquished

Notes
Turn   | Place    | Note
-------+----------+-------------------------------------------
     0 | D:1      | jasper the Demonspawn Venom Mage began the quest for the
                  | Orb.
     0 | D:1      | Reached XP level 1. HP: 13/13 MP: 3/3
    18 | D:1      | Reached skill level 1 in Transmutations
   108 | D:1      | Gained mutation: You have sharp fingernails. [demonic
                  | ancestry]
   108 | D:1      | Reached XP level 2. HP: 12/19 MP: 0/5
   290 | D:1      | Found a faded altar of an unknown god.
   310 | D:1      | Became a worshipper of Kikubaaqudgha
   310 | D:1      | Reached * piety under Kikubaaqudgha
   310 | D:1      | Received a gift from Kikubaaqudgha
  1147 | D:1      | Reached XP level 3. HP: 24/24 MP: 3/6
  1629 | D:2      | Learned a level 3 spell: Mephitic Cloud
  1648 | D:2      | Noticed Terence
  1746 | D:3      | Found a snail-covered altar of Cheibriados.
  1813 | D:3      | Reached ** piety under Kikubaaqudgha
  1924 | D:3      | Reached skill level 4 in Poison Magic
  1924 | D:3      | Gained mutation: You have very sharp fingernails. [demonic
                  | ancestry]
  1924 | D:3      | Reached XP level 4. HP: 9/30 MP: 7/7
  2283 | D:3      | Found a bloodstained altar of Trog.
  2403 | D:3      | Found a hazy altar of Hepliaklqana.
  2406 | D:3      | Found a stormy altar of Qazlal.
  2532 | D:3      | Found a sacrificial altar of Ru.
  3124 | D:4      | Noticed Sigmund
  3194 | D:5      | Entered Level 5 of the Dungeon
  3194 | D:5      | Noticed Blork the orc
  3663 | D:2      | Killed Terence
  3664 | D:2      | Reached XP level 5. HP: 18/35 MP: 0/8
  4077 | D:2      | Learned a level 2 spell: Sublimation of Blood
  4185 | D:4      | Reached skill level 1 in Conjurations
  4219 | D:4      | Reached skill level 1 in Air Magic
  4479 | D:4      | Found a radiant altar of Vehumet.
  4682 | D:4      | Noticed an ogre
  4703 | D:4      | Killed an ogre
  4704 | D:4      | Gained mutation: A weak demonic guardian rushes to your
                  | aid. [demonic ancestry]
  4704 | D:4      | Reached XP level 6. HP: 41/41 MP: 6/10
  4816 | D:4      | Learned a level 4 spell: Olgreb's Toxic Radiance
  4841 | D:4      | Reached *** piety under Kikubaaqudgha
  4841 | D:4      | Received a gift from Kikubaaqudgha
  4945 | D:4      | Noticed Robin
  4964 | D:4      | Killed Robin
  5403 | D:5      | Noticed Edmund
  5668 | D:4      | Killed Sigmund
  5669 | D:4      | Gained mutation: Your movements are slightly less
                  | encumbered by armour. (ER -2) [demonic ancestry]
  5669 | D:4      | Reached XP level 7. HP: 33/46 MP: 2/13
  5673 | D:4      | Learned a level 3 spell: Vampiric Draining
  6723 | D:6      | Reached skill level 5 in Poison Magic
  7308 | D:6      | Found a runed translucent door.
  7309 | D:6      | Noticed Crazy Yiuf
  7615 | D:6      | Killed Crazy Yiuf
  7616 | D:6      | Reached skill level 6 in Poison Magic
  7754 | D:7      | Found a blossoming altar of Fedhas.
  7931 | D:7      | Noticed a steam dragon
  7968 | D:7      | Killed a steam dragon
  8081 | D:7      | Reached skill level 7 in Poison Magic
  8081 | D:7      | Reached XP level 8. HP: 41/52 MP: 7/14
  8288 | D:7      | Slain by a vampire mosquito

Illustrated notes

Levels and vault maps discovered:
D:1:      tarquinn_simple_flora_water_d, layout_loops_corners,
          hellmonk_ecumenical_altar_crossroads, minmay_octomino_c4
D:2:      layout_loops_ring, uniq_terence
D:3:      layout_rooms, mainiacjoe_overflow_alcove_4,
          gammafunk_temple_overflow_forgotten,
          nicolae_ru_great_annihilating_truth
D:4:      minmay_door_path, layout_loops_cross, minmay_ruined_shrine,
          uniq_robin, uniq_sigmund
D:5:      layout_rooms, gammafunk_temple_overflow_wave,
          minmay_temple_entry_glassed_door, uniq_edmund, uniq_prince_ribbit1,
          uniq_blork_the_orc
D:6:      layout_basic, uniq_crazy_yiuf_cottage
D:7:      layout_loops_corners, lemuel_crystal_altar

Skill      XL: |  1  2  3  4  5  6  7  8 |
---------------+-------------------------+-----
Transmutations | 1 2 |  2.9
Poison Magic   | 4 7 |  7.1
Conjurations   | 2 3 |  3.0
Air Magic      | 2 |  2.0
Spellcasting   | 3 4 |  4.2
Shields        | 2 |  2.1
Dodging        | |  1.7
Stealth        | |  1.7

Action                   |  1- 3 |  4- 6 |  7- 9 || total
-------------------------+-------+-------+-------++-------
Melee: Unarmed           |    22 |    58 |    65 ||   145
Throw: Stone             |     4 |     5 |       ||     9
 Cast: Sting             |    49 |   132 |    55 ||   236
       Olgreb's Toxic Ra |       |     4 |     4 ||     8
Evoke: Wand              |     6 |       |     3 ||     9
  Use: Potion            |       |     5 |     4 ||     9
       Scroll            |       |       |    17 ||    17
 Stab: Invisible         |       |     1 |     3 ||     4
Armor: Robe              |    12 |    19 |       ||    31
       Leather armour    |       |       |    15 ||    15
       Steam dragon scal |       |       |     5 ||     5
Dodge: Dodged            |    42 |   107 |   100 ||   249

Table legend: (Time is in decaauts)
 A = Elapsed time spent in this place.
 B = Non-inter-level travel time spent in this place.
 C = Inter-level travel time spent in this place.
 D = Time resting spent in this place.
 E = Time spent auto-exploring this place.
 F = Levels seen in this place.
 G = Mean time per level.
                   A        B        C        D        E       F      G
               +--------+--------+--------+--------+--------+-----+--------+
         Total |   8297 |   7933 |    364 |   1187 |   5387 |   7 | 1185.3 |
       Dungeon |   8297 |   7933 |    364 |   1187 |   5387 |   7 | 1185.3 |
               +--------+--------+--------+--------+--------+-----+--------+

Top non-repeatable levels by time:
     D:4: 2431 daAuts
     D:1: 1795 daAuts
     D:3: 1449 daAuts
     D:6: 1197 daAuts
     D:2: 856 daAuts
     D:7: 542 daAuts
     D:5: 25 daAuts
